AAA
GWINNETT STRIPERS @ SYRACUSE CHIEFS
07/24/2052
 
TOP OF THE 1ST
Scranton Dundies batting - Pitching for Ottawa Oddballs : RHP Javier Pedro
Pitching: RHP Javier Pedro
Batting: RHB Rodolfo Fernandez 0-0: Ball
1-0: Ball
2-0: Ball
3-0: Called Strike
3-1: Fly out, F8 (Flyball, 8RS, EV 90.6 MPH)
Batting: RHB Jacob Judy 0-0: Called Strike
0-1: Ball
1-1: Ball
2-1: Ground out 5-3 (Groundball, 5, EV 90.6 MPH)
Batting: RHB Manny Laguna 0-0: Called Strike
0-1: Foul Ball, location: 2F
0-2: Ball
1-2: Ball
2-2: Fly out, F8 (Line Drive, 8LD, EV 91.9 MPH)
Top of the 1st over - 0 runs, 0 hits, 0 errors, 0 left on base; Scranton 0 - Ottawa 0
BOTTOM OF THE 1ST
Ottawa Oddballs batting - Pitching for Scranton Dundies : LHP Ivan Camacho
Pitching: LHP Ivan Camacho
Batting: RHB Júlio Acevedo 0-0: Called Strike
0-1: Foul Ball, location: 2F
0-2: Ball
1-2: Ball
2-2: Strikes out looking
Batting: RHB Marco Gonzalez 0-0: Ball
1-0: Ground out U3 (Groundball, 34S, EV 83.8 MPH)
Batting: RHB Mario Woods 0-0: Ground out 6-3 (Groundball, 6, EV 84.4 MPH)
Bottom of the 1st over - 0 runs, 0 hits, 0 errors, 0 left on base; Scranton 0 - Ottawa 0
TOP OF THE 2ND
Scranton Dundies batting - Pitching for Ottawa Oddballs : RHP Javier Pedro
Batting: RHB Nick Williams 0-0: Hit by Pitch
Batting: RHB Travis Banning 0-0: Called Strike
0-1: DOUBLE (Flyball, 89D, EV 99.4 MPH)
Nick Williams to third
Runner from 3rd tries for Home, SAFE, no throw by CF
Batting: RHB Ray Steele 0-0: Called Strike
0-1: Fly out, F7 (Flyball, 7LM, EV 91.2 MPH)
Batting: RHB Chris Cockerill 0-0: Ball
1-0: Ball
2-0: Foul Ball, location: 2F
2-1: Foul Ball, location: 2F
2-2: Strikes out swinging
Batting: LHB Gino Schlepp 0-0: Hit by Pitch
Batting: RHB Luis Monge 0-0: Ball
1-0: Swinging Strike
1-1: Foul Ball, location: 2F
1-2: Ball
2-2: Foul Ball, location: 2F
2-2: Ball
3-2: SINGLE (Flyball, 89S, EV 95.6 MPH)
Travis Banning to third
Gino Schlepp to second
Travis Banning scores
Gino Schlepp to third
Batting: RHB Rodolfo Fernandez 0-0: Called Strike
0-1: Called Strike
0-2: Strikes out swinging
Top of the 2nd over - 2 runs, 2 hits, 0 errors, 2 left on base; Scranton 2 - Ottawa 0
BOTTOM OF THE 2ND
Ottawa Oddballs batting - Pitching for Scranton Dundies : LHP Ivan Camacho
Batting: RHB Roger Enfield 0-0: Called Strike
0-1: Foul Ball, location: 2F
0-2: Strikes out looking
Batting: RHB Francisco Flores 0-0: Ball
1-0: Foul Ball, location: 2F
1-1: Ball
2-1: Ball
3-1: Foul Ball, location: 2F
3-2: Base on Balls
Batting: RHB Adam Agostino 0-0: Ball
1-0: Foul Ball, location: 2F
1-1: Ball
2-1: Foul Ball, location: 2F
2-2: Foul Ball, location: 2F
2-2: Ball
3-2: Fielders Choice at 2nd, 6-4 (Groundball, 6M, EV 78.8 MPH)
Batting: LHB Jose Guevara 0-0: Foul Ball, location: 2F
0-1: Ball
1-1: Ball
2-1: Ball
Wild Pitch!
Adam Agostino to second
3-1: Base on Balls
Batting: RHB Ryan Turner 0-0: Fielders Choice at 2nd, 6-4 (Groundball, 6, EV 107.5 MPH)
Bottom of the 2nd over - 0 runs, 0 hits, 0 errors, 2 left on base; Scranton 2 - Ottawa 0
TOP OF THE 3RD
Scranton Dundies batting - Pitching for Ottawa Oddballs : RHP Javier Pedro
Batting: RHB Jacob Judy 0-0: Swinging Strike
0-1: Ball
1-1: Called Strike
1-2: Strikes out looking
Batting: RHB Manny Laguna 0-0: Called Strike
0-1: Swinging Strike
0-2: Ball
1-2: SOLO HOME RUN (Flyball, 9D, EV 93.1 MPH), Distance : 369 ft
Batting: RHB Nick Williams 0-0: Ball
1-0: Fly out, F8 (Flyball, 8RD, EV 91.2 MPH)
Batting: RHB Travis Banning 0-0: Ball
1-0: Ball
2-0: Ball
3-0: Called Strike
3-1: Called Strike
3-2: Foul Ball, location: 2F
3-2: Strikes out looking
Top of the 3rd over - 1 run, 1 hit, 0 errors, 0 left on base; Scranton 3 - Ottawa 0
BOTTOM OF THE 3RD
Ottawa Oddballs batting - Pitching for Scranton Dundies : LHP Ivan Camacho
Batting: LHB Chris Mattson 0-0: Ball
1-0: Called Strike
1-1: Ground out 4-3 (Groundball, 4, EV 101.2 MPH)
Batting: RHB Júlio Acevedo 0-0: Called Strike
0-1: Ball
1-1: Ball
2-1: Ball
3-1: Ground out 1-3 (Groundball, P, EV 69.4 MPH)
Batting: RHB Marco Gonzalez 0-0: Called Strike
0-1: Fly out, F9 (Flyball, 9S, EV 91.9 MPH)
Bottom of the 3rd over - 0 runs, 0 hits, 0 errors, 0 left on base; Scranton 3 - Ottawa 0
TOP OF THE 4TH
Scranton Dundies batting - Pitching for Ottawa Oddballs : RHP Javier Pedro
Batting: RHB Ray Steele 0-0: Foul Ball, location: 2F
0-1: SINGLE (Groundball, 56S, EV 66.9 MPH) (infield hit)
Batting: RHB Chris Cockerill 0-0: Foul Ball, location: 2F
0-1: Foul Ball, location: 2F
0-2: Foul Ball, location: 2F
0-2: Fielders Choice at 2nd, 4-6 (Groundball, 4, EV 86.9 MPH)
Batting: LHB Gino Schlepp 0-0: Called Strike
0-1: 2-RUN HOME RUN (Flyball, 9D, EV 102.5 MPH), Distance : 373 ft
Pitching: RHP Matt Garber
Batting: RHB Luis Monge 0-0: Ball
1-0: Swinging Strike
1-1: Called Strike
1-2: Ball
2-2: Ball
3-2: Base on Balls
Batting: RHB Rodolfo Fernandez 0-0: Called Strike
0-1: Called Strike
0-2: Ball
1-2: Ball
2-2: Strikes out swinging
Batting: RHB Jacob Judy 0-0: Swinging Strike
0-1: Fly out, F8 (Line Drive, 8RD, EV 94.4 MPH)
Top of the 4th over - 2 runs, 2 hits, 0 errors, 1 left on base; Scranton 5 - Ottawa 0
BOTTOM OF THE 4TH
Ottawa Oddballs batting - Pitching for Scranton Dundies : LHP Ivan Camacho
Batting: RHB Mario Woods 0-0: Called Strike
0-1: Fly out, F3 (Line Drive, 3, EV 66.9 MPH)
Batting: RHB Roger Enfield 0-0: Foul Ball, location: 2F
0-1: Ball
1-1: Called Strike
1-2: Strikes out looking
Batting: RHB Francisco Flores 0-0: Foul Ball, location: 2F
0-1: Ground out 2-3 (Groundball, 15S, EV 70.0 MPH)
Bottom of the 4th over - 0 runs, 0 hits, 0 errors, 0 left on base; Scranton 5 - Ottawa 0
TOP OF THE 5TH
Scranton Dundies batting - Pitching for Ottawa Oddballs : RHP Matt Garber
Batting: RHB Manny Laguna 0-0: Ball
1-0: Fly out, F6 (Popup, 6S, EV 69.4 MPH)
Batting: RHB Nick Williams 0-0: SOLO HOME RUN (Flyball, 78XD, EV 96.2 MPH), Distance : 390 ft
Batting: RHB Travis Banning 0-0: Called Strike
0-1: Swinging Strike
0-2: Fly out, F9 (Line Drive, 9, EV 91.9 MPH)
Batting: RHB Ray Steele 0-0: Fly out, F8 (Flyball, 89M, EV 82.5 MPH)
Top of the 5th over - 1 run, 1 hit, 0 errors, 0 left on base; Scranton 6 - Ottawa 0
BOTTOM OF THE 5TH
Ottawa Oddballs batting - Pitching for Scranton Dundies : LHP Ivan Camacho
Batting: RHB Adam Agostino 0-0: Called Strike
0-1: Ball
1-1: Ball
2-1: Foul Ball, location: 2F
2-2: Fly out, F5 (Popup, 5SF, EV 72.5 MPH)
Batting: LHB Jose Guevara 0-0: Ball
1-0: Ball
2-0: SINGLE (Line Drive, 4MD, EV 96.2 MPH)
Batting: RHB Ryan Turner 0-0: Called Strike
0-1: Ball
1-1: Called Strike
1-2: Ball
2-2: Strikes out swinging
Batting: LHB Chris Mattson 0-0: Called Strike
0-1: Fly out, F8 (Flyball, 8RD, EV 96.2 MPH)
Bottom of the 5th over - 0 runs, 1 hit, 0 errors, 1 left on base; Scranton 6 - Ottawa 0
TOP OF THE 6TH
Scranton Dundies batting - Pitching for Ottawa Oddballs : RHP Matt Garber
Batting: RHB Chris Cockerill 0-0: Ball
1-0: Ball
2-0: Foul Ball, location: 2F
2-1: SINGLE (Groundball, 4D, EV 98.1 MPH)
Pitching: RHP Gabe Paul
Batting: LHB Gino Schlepp 0-0: Called Strike
0-1: Ball
1-1: Fly out, F7 (Flyball, 78S, EV 94.4 MPH)
Batting: RHB Luis Monge 0-0: Called Strike
0-1: Called Strike
0-2: SINGLE (Groundball, 34D, EV 94.4 MPH)
Chris Cockerill to second
Runner from 2nd tries for 3rd, SAFE, throw by RF made to third
Batting: RHB Rodolfo Fernandez 0-0: Ball
1-0: Grounds into double play, 6-4-3 (Groundball, 6, EV 82.5 MPH)
Top of the 6th over - 0 runs, 2 hits, 0 errors, 1 left on base; Scranton 6 - Ottawa 0
BOTTOM OF THE 6TH
Ottawa Oddballs batting - Pitching for Scranton Dundies : LHP Ivan Camacho
Batting: RHB Júlio Acevedo 0-0: Called Strike
0-1: Foul Ball, location: 2F
0-2: Strikes out swinging
Batting: RHB Marco Gonzalez 0-0: Called Strike
0-1: Ball
1-1: Ground out 6-3 (Groundball, 6, EV 78.1 MPH)
Batting: RHB Mario Woods 0-0: Called Strike
0-1: Ball
1-1: Called Strike
1-2: Ground out U3 (Groundball, 3L, EV 92.5 MPH)
Bottom of the 6th over - 0 runs, 0 hits, 0 errors, 0 left on base; Scranton 6 - Ottawa 0
TOP OF THE 7TH
Scranton Dundies batting - Pitching for Ottawa Oddballs : RHP Gabe Paul
Batting: RHB Jacob Judy 0-0: Ball
1-0: Ball
2-0: Called Strike
2-1: Fly out, F8 (Flyball, 8LXD, EV 101.2 MPH)
Batting: RHB Manny Laguna 0-0: Called Strike
0-1: Called Strike
0-2: Ball
1-2: Foul Ball, location: 2F
1-2: Foul Ball, location: 2F
1-2: Foul Ball, location: 2F
1-2: Ball
2-2: Ground out 6-3 (Groundball, 6, EV 94.4 MPH)
Batting: RHB Nick Williams 0-0: Called Strike
0-1: Ground out 4-3 (Groundball, 4, EV 88.8 MPH)
Top of the 7th over - 0 runs, 0 hits, 0 errors, 0 left on base; Scranton 6 - Ottawa 0
BOTTOM OF THE 7TH
Ottawa Oddballs batting - Pitching for Scranton Dundies : LHP Ivan Camacho
Batting: RHB Roger Enfield 0-0: Ball
1-0: Swinging Strike
1-1: Swinging Strike
1-2: Strikes out swinging
Batting: RHB Francisco Flores 0-0: Ball
1-0: Ball
2-0: Fly out, F7 (Line Drive, 7, EV 98.8 MPH)
Batting: RHB Adam Agostino 0-0: Called Strike
0-1: Ball
1-1: Fly out, F9 (Flyball, 9S, EV 86.2 MPH)
Bottom of the 7th over - 0 runs, 0 hits, 0 errors, 0 left on base; Scranton 6 - Ottawa 0
TOP OF THE 8TH
Scranton Dundies batting - Pitching for Ottawa Oddballs : RHP Gabe Paul
Batting: RHB Travis Banning 0-0: SINGLE (Line Drive, 7S, EV 102.5 MPH)
Batting: RHB Ray Steele 0-0: Ball
1-0: Ball
2-0: SINGLE (Line Drive, 6MD, EV 98.8 MPH)
Travis Banning to second
Batting: RHB Chris Cockerill 0-0: Ball
1-0: Called Strike
1-1: Fly out, F9 (Flyball, 9LS, EV 87.5 MPH)
Pitching: LHP Rai Casas
Batting: LHB Gino Schlepp 0-0: Swinging Strike
0-1: Ball
1-1: Foul Ball, location: 2F
1-2: Fly out, F8 (Flyball, 8LXD, EV 87.5 MPH)
Runner from 2nd tags up, SAFE at 3rd, no throw by CF
Batting: RHB Luis Monge 0-0: SINGLE (Groundball, 56D, EV 91.2 MPH) (infield hit)
Travis Banning scores
Ray Steele to second
Batting: RHB Rodolfo Fernandez 0-0: Called Strike
0-1: Ball
1-1: Ball
2-1: Swinging Strike
2-2: Strikes out swinging
Top of the 8th over - 1 run, 3 hits, 0 errors, 2 left on base; Scranton 7 - Ottawa 0
BOTTOM OF THE 8TH
Ottawa Oddballs batting - Pitching for Scranton Dundies : LHP Ivan Camacho
Batting: LHB Jose Guevara 0-0: Ball
1-0: Ball
2-0: Ball
3-0: Base on Balls
Batting: RHB Ryan Turner 0-0: Called Strike
0-1: Grounds into double play, 4-6-3 (Groundball, 4, EV 96.2 MPH)
Batting: LHB Chris Mattson 0-0: Single, Error in OF, E8, batter to second base (Groundball, 4MD, EV 100.6 MPH)
Batting: RHB Júlio Acevedo 0-0: Called Strike
0-1: Fly out, F8 (Flyball, 8RS, EV 76.9 MPH)
Bottom of the 8th over - 0 runs, 1 hit, 1 error, 1 left on base; Scranton 7 - Ottawa 0
TOP OF THE 9TH
Scranton Dundies batting - Pitching for Ottawa Oddballs : LHP Rai Casas
Batting: RHB Jacob Judy 0-0: Ball
1-0: Ball
2-0: Ball
3-0: Called Strike
3-1: Called Strike
3-2: DOUBLE (Line Drive, 5D, EV 111.2 MPH)
Batting: RHB Manny Laguna 0-0: Called Strike
0-1: Ball
1-1: Ground out U3 (Groundball, 3S, EV 84.4 MPH)
Jacob Judy to third
Pitching: RHP A.J. Helfer
Batting: RHB Nick Williams 0-0: Ball
1-0: Fly out, F9 (Flyball, 9LD, EV 110.6 MPH)
Runner from 3rd tags up, SCORES, no throw by RF
Batting: RHB Travis Banning 0-0: Ball
1-0: SINGLE (Groundball, 6MD, EV 95.6 MPH)
Batting: RHB Ray Steele 0-0: Fly out, F8 (Flyball, 8RXD, EV 100.0 MPH)
Top of the 9th over - 1 run, 2 hits, 0 errors, 1 left on base; Scranton 8 - Ottawa 0
BOTTOM OF THE 9TH
Ottawa Oddballs batting - Pitching for Scranton Dundies : LHP Ivan Camacho
Batting: RHB Marco Gonzalez 0-0: Foul Ball, location: 2F
0-1: Ball
1-1: Ball
2-1: Ground out 5-3 (Groundball, 5S, EV 86.2 MPH)
Batting: RHB Mario Woods 0-0: Ball
1-0: Foul Ball, location: 2F
1-1: Ground out 5-3 (Groundball, 56S, EV 81.2 MPH)
Batting: RHB Roger Enfield 0-0: DOUBLE (Flyball, 78XD, EV 115.0 MPH)
Batting: RHB Francisco Flores 0-0: Swinging Strike
0-1: Ball
1-1: Swinging Strike
1-2: Foul Ball, location: 2F
1-2: Strikes out swinging
Bottom of the 9th over - 0 runs, 1 hit, 0 errors, 1 left on base; Scranton 8 - Ottawa 0
Tuesday, April 30th , 2024 - OOTP Baseball 24.11 Build 85